Map: Eternal Empire LE

Players

Astrea

  • Race: Protoss Protoss
  • League: Master
  • Spawn Location: 1:00

Scarlett - Winner!

  • Race: Zerg Zerg
  • Spawn Location: 7:00

Event: DreamHack SC2 Masters 2020 Fall

VOD

Have the link to the VOD?

Description

Time

  • Played on: Sept. 13, 2020, 8:33 p.m.
  • Length: 15:12

All games in this series

Show
View Real Time Build Order
Export as new Build Order

Astrea Protoss 

Build Orders: 1 Gate Expand, Chargelot Immortal, Mass Adepts 

Get SALT Encoding   

  12  0:00  Probe  
  13  0:12  Probe  
  14  0:20  Pylon  
  14  0:24  Probe  
  15  0:38  Probe (Chrono Boost)  
  16  0:44  Gateway  
  16  0:47  Probe (Chrono Boost)  
  17  0:52  Probe  
  17  0:53  Assimilator  
  18  1:04  Probe  
  19  1:16  Probe  
  20  1:27  Nexus  
  20  1:37  Cybernetics Core  
  20  1:40  Probe  
  21  1:47  Assimilator  
  21  1:52  Probe  
  22  1:56  Pylon  
  22  2:04  Probe (Chrono Boost)  
  23  2:11  Adept (Chrono Boost)  
  23  2:15  Warp Gate  
  25  2:17  Probe (Chrono Boost)  
  26  2:25  Probe (Chrono Boost)  
  26  2:27  Twilight Council  
  27  2:31  Probe  
  27  2:34  Stalker (Chrono Boost)  
  28  2:40  Probe  
  28  2:43  Probe  
  32  2:52  Probe  
  32  2:55  Probe  
  32  2:57  Robotics Facility  
  34  3:04  Probe  
  35  3:10  Probe  
  35  3:11  Gateway  
  36  3:13  Resonating Glaives (Chrono Boost)  
  36  3:16  Probe  
  37  3:22  Probe  
  37  3:25  Adept  
  40  3:34  Gateway  
  40  3:35  Gateway  
  40  3:41  Warp Prism (Chrono Boost)  
  44  3:50  Probe, Pylon  
  44  3:52  Probe  
  44  4:05  Pylon, Probe x2  
  44  4:08  Adept x2  
  50  4:10  Observer  
  50  4:16  Assimilator  
  51  4:24  Probe  
  51  4:29  Adept x2  
  51  4:30  Adept x2  
  60  4:33  Pylon  
  60  4:34  Pylon  
  60  4:50  Adept  
  60  4:51  Adept  
  60  4:52  Adept x2  
  68  5:00  Probe x2, Pylon  
  68  5:04  Pylon  
  70  5:12  Probe  
  67  5:17  Adept x4  
  73  5:25  Immortal (Chrono Boost)  
  65  5:33  Assimilator  
  65  5:45  Dark Shrine, Probe x2  
  67  5:55  Immortal (Chrono Boost)  
  71  5:58  Probe  
  71  6:00  Adept x4  
  80  6:05  Pylon  
  80  6:20  Pylon  
  80  6:22  Nexus  
  80  6:24  Warp Prism (Chrono Boost)  
  76  6:32  Sentry x4  
  86  6:35  Probe  
  86  6:37  Probe  
  88  6:47  Probe  
  86  6:55  Zealot x4  
  86  7:01  Probe (Chrono Boost)  
  94  7:02  Probe (Chrono Boost)  
  94  7:03  Charge  
  94  7:06  Forge  
  94  7:13  Probe (Chrono Boost)  
  96  7:16  Sentry x2  
  96  7:17  Pylon  
  96  7:18  Probe (Chrono Boost)  
  96  7:20  Probe (Chrono Boost)  
  96  7:22  Pylon  
  101  7:25  Probe  
  102  7:32  Probe  
  103  7:37  Probe (Chrono Boost)  
  97  7:44  Probe (Chrono Boost)  
  97  7:45  Protoss Ground Weapons Level 1 (Chrono Boost)  
  97  7:47  Probe (Chrono Boost)  
  97  7:48  Immortal  
  97  7:49  Probe (Chrono Boost)  
  102  7:55  Probe (Chrono Boost)  
  102  7:56  Probe (Chrono Boost)  
  102  7:58  Probe (Chrono Boost)  
  105  8:00  Probe (Chrono Boost)  
  105  8:03  Probe  
  107  8:09  Stargate  
  107  8:10  Stargate  
  107  8:11  Probe x2  
  109  8:15  Probe  
  109  8:18  Immortal  
  110  8:23  Probe x2  
  110  8:25  Assimilator  
  110  8:26  Assimilator  
  112  8:27  Probe  
  117  8:35  Pylon  
  117  8:37  Gateway  
  117  8:38  Pylon  
  117  8:40  Stalker x3  
  123  8:43  Shield Battery  
  123  8:48  Shield Battery  
  123  8:49  Shield Battery  
  123  8:55  Void Ray x2 (Chrono Boost)  
  121  9:09  Stalker  
  119  9:10  Zealot x3  
  86  9:25  Void Ray  
  84  9:33  Dark Templar x3  
  90  9:44  Zealot  
  90  9:45  Probe x3  
  80  9:57  Probe x3  
  67  10:09  Probe x2 (Chrono Boost)  
  67  10:10  Probe (Chrono Boost)  
  67  10:21  Probe x3 (Chrono Boost)  
  70  10:26  Probe x3 (Chrono Boost)  
  73  10:30  Pylon  
  73  10:32  Void Ray x2  
  73  10:35  Assimilator, Probe x3  
  84  10:45  Cybernetics Core  
  84  10:47  Probe x2  
  84  10:48  Gateway, Probe  
  87  10:59  Probe  
  87  11:00  Probe x2  
  90  11:12  Probe x3  
  90  11:18  Void Ray x2  
  93  11:21  Pylon  
  93  11:23  Protoss Ground Weapons Level 2 (Chrono Boost)  
  93  11:24  Probe x2  
  103  11:27  Fleet Beacon  
  103  11:35  Sentry x2  
  107  11:42  Shield Battery, Photon Cannon  
  107  11:43  Robotics Facility  
  107  11:46  Gateway  
  107  11:47  Pylon  
  107  11:50  Pylon  
  107  11:57  Void Ray x2 (Chrono Boost)  
  107  12:07  Zealot x3  
  121  12:10  Unknown  
  107  12:27  Protoss Air Weapons Level 1 (Chrono Boost)  
  107  12:30  Immortal (Chrono Boost)  
  107  12:36  Nexus  
  111  12:37  Pylon  
  111  12:47  Carrier (Chrono Boost)  
  117  12:52  Sentry x2  
  121  13:03  Probe  
  121  13:05  Carrier (Chrono Boost), Probe  
  129  13:06  Probe  
  130  13:17  Probe x2  
  128  13:29  Probe  
  128  13:31  Twilight Council  
  128  13:32  Templar Archives  
  129  13:38  Carrier (Chrono Boost)  
  135  13:44  Probe  
  136  13:53  Carrier (Chrono Boost)  
  113  14:12  Dark Templar  
  111  14:18  Zealot x3  
  111  14:19  Dark Templar  
  119  14:31  Probe x4  
  129  14:32  Photon Cannon  
  129  14:34  Shield Battery  
  129  14:37  Assimilator  
  129  14:41  Assimilator  
  125  14:51  Zealot x3  
  125  14:52  Zealot  
  134  14:53  Zealot  
Show
View Real Time Build Order
Export as new Build Order

Scarlett Zerg - Winner!

Build Orders: Hatch First 

Get SALT Encoding   

  12  0:00  Drone  
  13  0:12  Overlord  
  13  0:16  Drone  
  14  0:30  Drone x2  
  16  0:39  Drone  
  17  0:51  Hatchery  
  17  0:54  Drone  
  17  0:58  Drone  
  18  1:09  Extractor  
  17  1:14  Spawning Pool  
  17  1:16  Drone  
  17  1:20  Drone  
  18  1:29  Drone  
  19  1:39  Drone  
  20  1:49  Overlord  
  20  2:00  Queen  
  22  2:02  Queen  
  22  2:04  Zergling x2  
  22  2:05  Drone  
  26  2:11  Drone  
  26  2:13  Metabolic Boost  
  26  2:15  Drone  
  28  2:22  Drone  
  29  2:24  Drone  
  30  2:36  Hatchery  
  29  2:40  Drone x2  
  31  2:46  Zergling x2  
  31  2:47  Overlord  
  32  2:54  Queen  
  34  2:59  Drone x2  
  36  3:07  Drone  
  36  3:09  Drone  
  36  3:12  Drone x3  
  41  3:16  Overlord  
  41  3:18  Queen  
  42  3:24  Drone  
  43  3:28  Overlord  
  43  3:36  Drone x2  
  45  3:44  Drone  
  45  3:46  Drone  
  47  3:48  Drone  
  47  3:49  Drone x3  
  47  3:54  Drone, Roach Warren  
  51  3:57  Queen  
  53  4:04  Drone  
  53  4:05  Spine Crawler  
  53  4:06  Zergling x10  
  58  4:11  Overlord  
  58  4:12  Overlord  
  58  4:19  Overlord  
  58  4:20  Zergling x8  
  62  4:28  Spore Crawler x2  
  62  4:29  Overlord  
  60  4:34  Roach x2  
  60  4:37  Roach x3  
  70  4:43  Roach x3  
  76  4:51  Roach x3  
  82  5:01  Roach, Zergling x8  
  88  5:10  Spore Crawler  
  83  5:15  Roach, Zergling x10  
  86  5:28  Drone  
  86  5:29  Drone x3  
  86  5:31  Drone  
  86  5:34  Extractor  
  91  5:36  Drone x7  
  91  5:40  Overlord x2  
  91  5:41  Overlord  
  98  5:45  Extractor x2  
  98  5:47  Evolution Chamber  
  95  5:50  Overlord x2  
  95  5:52  Drone, Lair  
  95  6:03  Drone x5  
  95  6:04  Drone  
  101  6:11  Roach  
  101  6:12  Roach x2  
  106  6:21  Drone x4  
  108  6:29  Drone x3  
  108  6:30  Drone  
  108  6:31  Overlord, Zerg Missile Weapons Level 1  
  112  6:35  Extractor x2, Roach x2  
  112  6:37  Drone x2  
  116  6:42  Overlord x2  
  116  6:43  Drone x2  
  117  6:51  Roach x3  
  120  6:57  Roach x5  
  127  7:04  Roach x4  
  135  7:09  Glial Reconstitution, Overlord x3  
  135  7:17  Queen  
  137  7:24  Roach x6  
  148  7:36  Overlord  
  144  7:47  Drone x3, Baneling Nest  
  145  7:52  Roach x7  
  145  7:57  Hatchery  
  153  7:59  Roach x4, Overlord  
  153  8:03  Roach x2  
  162  8:07  Overlord  
  162  8:08  Roach x4  
  170  8:19  Overseer  
  168  8:20  Roach x3  
  168  8:25  Roach x4  
  182  8:27  Zerg Missile Weapons Level 2  
  182  8:32  Zergling x10  
  182  8:33  Ravager x4  
  182  8:34  Unknown  
  190  8:40  Ravager, Zergling x8  
  190  8:41  Ravager  
  194  8:46  Ravager  
  194  8:47  Zergling x4  
  197  8:51  Roach  
  195  9:05  Roach x2, Zergling x2  
  200  9:14  Roach x5  
  200  9:15  Roach x2  
  191  9:26  Roach  
  191  9:27  Roach x5  
  182  9:46  Hydralisk Den, Overseer  
  150  10:04  Drone x2  
  150  10:05  Drone x21  
  147  10:07  Centrifical Hooks  
  147  10:10  Infestation Pit  
  130  10:17  Burrow, Tunneling Claws  
  130  10:18  Hatchery  
  130  10:19  Hydralisk x4  
  135  10:21  Muscular Augments  
  135  10:25  Drone  
  136  10:29  Hydralisk  
  136  10:30  Hydralisk x2  
  142  10:37  Extractor  
  142  10:40  Hydralisk x6  
  142  10:41  Extractor  
  152  10:43  Hydralisk  
  152  10:46  Hydralisk x2  
  158  10:55  Hydralisk x5  
  167  11:03  Overseer  
  160  11:06  Pneumatized Carapace  
  160  11:08  Zerg Ground Armor Level 1  
  156  11:16  Hydralisk x6  
  168  11:22  Hive  
  168  11:24  Queen  
  170  11:26  Spore Crawler  
  169  11:44  Drone x2  
  171  11:48  Drone  
  171  11:49  Drone x3, Spine Crawler  
  171  11:50  Roach x15  
  171  11:52  Grooved Spines, Hydralisk x5  
  184  11:56  Spore Crawler  
  184  11:57  Spine Crawler  
  176  12:06  Drone x3  
  176  12:07  Drone x3  
  152  12:17  Drone x3  
  152  12:18  Drone x2  
  151  12:24  Drone x5, Spore Crawler  
  151  12:28  Zergling x12  
  161  12:36  Drone x5  
  161  12:37  Spine Crawler  
  165  12:38  Viper  
  165  12:39  Viper  
  171  12:45  Viper x3  
  180  12:57  Hydralisk x6  
  192  13:11  Evolution Chamber  
  192  13:12  Drone x3, Spine Crawler  
  193  13:28  Overlord  
  193  13:31  Spore Crawler  
  193  13:33  Hatchery  
  191  13:45  Drone x3  
  191  13:46  Drone x3  
  191  13:48  Drone x6  
  186  14:03  Drone x2, Spine Crawler, Spore Crawler  
  186  14:16  Roach x2, Zergling x2  
  186  14:17  Zergling x6  
  194  14:25  Hydralisk x2  
  194  14:26  Hydralisk  
  194  14:44  Drone x5  
  194  14:45  Drone x2  
  197  14:48  Drone x2  

Tags
 
Add a new tag
Caveats
  • Supply blocks, unpowered buildings, or Contaminate may cause inaccurate times.
  • Supply counts are checked every 10 seconds.